 Dungeon Crawl Stone Soup version 0.26-b1-25-gafae2e710b (webtiles) character file.

Game seed: 14007198132298275075

11256 leafyfresh the Thaumaturge (level 11, -2/83 HPs)
             Began as a Gnoll Hedge Wizard on Jan 3, 2021.
             Was a High Priest of Cheibriados.
             Slain by a boulder beetle (24 damage)
             ... on level 11 of the Dungeon.
             The game lasted 00:31:23 (9951 turns).

leafyfresh the Thaumaturge (Gnoll Hedge Wizard)     Turns: 9951, Time: 00:31:23

Health: -2/83      AC:  6    Str: 27    XL:     11   Next: 74%
Magic:  19/24      EV: 21    Int: 38    God:    Cheibriados [*****.]
Gold:   623        SH:  0    Dex: 29    Spells: 13/29 levels left

rFire    . . .     SeeInvis .   d - +6 flail "Xobil" {venom, *Drain rPois Str+2 Int+6}
rCold    . . .     Faith    .   (no shield)
rNeg     + . .     Spirit   .   b - +0 robe
rPois    +         Reflect  .   c - +0 hat
rElec    .         Harm     .   m - +0 cloak
rCorr    .         Rampage  .   t - +1 pair of gloves
Will     .....                  (no boots)
Stlth    ++++++....             q - amulet of regeneration
HPRegen  0.63/turn              p - ring of positive energy
MPRegen  0.19/turn              e - ring of stealth

@: very slow
A: distributed training, fangs 1, strong nose
a: Renounce Religion, Bend Time, Temporal Distortion, Slouch, Step From Time


You were on level 11 of the Dungeon.
You worshipped Cheibriados.
Cheibriados was extremely pleased with you.
You visited 1 branch of the dungeon, and saw 11 of its levels.

You collected 623 gold pieces.

Inventory:

Hand Weapons
 d - the +6 flail "Xobil" (weapon) {venom, *Drain rPois Str+2 Int+6}
   (You found it on level 2 of the Dungeon)

   It poisons the flesh of those it strikes.
   It affects your strength (+2).
   It affects your intelligence (+6).
   It protects you from poison.
   It causes draining when unequipped.
 l - a +4 quarterstaff of chaos
Armour
 b - a +0 robe (worn)
 c - a +0 hat (worn)
 m - a +0 cloak (worn)
 t - a +1 pair of gloves (worn)
Magical Staves
 I - an uncursed staff of poison {unknown}
Jewellery
 e - a ring of stealth (right hand)
 p - a ring of positive energy (left hand)
 q - an amulet of regeneration (around neck)
Wands
 g - a wand of paralysis (6)
 v - a wand of polymorph (8)
 D - a wand of acid (6)
 H - a wand of flame (19)
 J - a wand of enslavement (5)
Scrolls
 a - a scroll of summoning
 f - 3 scrolls of magic mapping
 h - 7 scrolls of remove curse
 i - 3 scrolls of teleportation
 w - 2 scrolls of amnesia
 y - 2 scrolls of immolation
 z - a scroll of torment
 A - a scroll of fog
 C - a scroll of enchant armour
 E - a scroll of fear
 F - a scroll of blinking
Potions
 j - a potion of brilliance
 k - 2 potions of curing
 n - a potion of ambrosia
 o - 4 potions of flight
 r - a potion of heal wounds
 s - 2 potions of haste {unknown}
 u - 4 potions of attraction
 x - 2 potions of lignification
 B - 2 potions of mutation {unknown}


   Skills:
 + Level 6.6 Fighting
 + Level 6.6 Short Blades
 + Level 6.6 Long Blades
 + Level 6.6 Axes
 + Level 6.6 Maces & Flails
 + Level 6.6 Polearms
 + Level 6.6 Staves
 + Level 6.6 Slings
 + Level 6.6 Bows
 + Level 6.6 Crossbows
 + Level 6.6 Throwing
 + Level 6.6 Armour
 + Level 8.1 Dodging
 + Level 7.9 Stealth
 + Level 6.6 Shields
 + Level 6.6 Unarmed Combat
 + Level 9.7 Spellcasting
 + Level 5.9 Conjurations
 + Level 5.4 Hexes
 + Level 5.9 Summonings
 + Level 5.4 Necromancy
 + Level 5.9 Translocations
 + Level 5.4 Transmutations
 + Level 5.4 Fire Magic
 + Level 5.4 Ice Magic
 + Level 5.4 Air Magic
 + Level 5.4 Earth Magic
 + Level 5.4 Poison Magic
 + Level 7.2 Invocations
 + Level 6.6 Evocations


You had 13 spell levels left.
You knew the following spells:

 Your Spells              Type           Power        Failure   Level
a - Magic Dart            Conj           100%         1%          1
b - Mephitic Cloud        Conj/Pois/Air  57%          1%          3
c - Blink                 Tloc           N/A          1%          2
d - Conjure Flame         Conj/Fire      58%          1%          3
e - Call Imp              Summ           59%          1%          2
f - Ensorcelled Hibernat  Hex/Ice        100%         1%          2
g - Dazzling Flash        Conj/Hex       100%         1%          3

Your spell library contained the following spells:

 Spells                   Type           Power        Failure   Level
 Apportation              Tloc           100%         1%          1
 Corona                   Hex            62%          1%          1
 Summon Small Mammal      Summ           100%         1%          1
 Poisonous Vapours        Pois/Air       100%         1%          2
 Slow                     Hex            56%          1%          2
 Confusing Touch          Hex            56%          1%          3
 Lesser Beckoning         Tloc           29%          1%          3
 Tukima's Dance           Hex            56%          1%          3
 Alistair's Intoxication  Tmut/Pois      37%          6%          5
 Freezing Cloud           Conj/Ice/Air   28%          32%         6
 Invisibility             Hex            56%          34%         6


Dungeon Overview and Level Annotations

Branches:
Dungeon (11/15)            Temple (0/1) D:6            Lair (0/6) D:8
    Orc: D:9-12

Altars:
Ashenzari
Cheibriados
Dithmenos
Elyvilon
Gozag
Nemelex Xobeh
Okawaru
Ru
Sif Muna
Trog
Uskayaw
Xom
The Shining One

Shops:
D:8 }   D:10 [

Annotations:
D:7 exclusion: oklob plant
D:8 1 runed translucent door, snackwell's ghost, novice DsNe


Innate Abilities, Weirdness & Mutations

Your experience applies equally to all skills.
You have very sharp teeth.
Your uncanny sense of smell can sniff out nearby items.


Message History

You thump the boulder beetle!
The boulder beetle looks as sick as possible!
The boulder beetle is moderately wounded.
The boulder beetle barely misses you.
Unknown command.
You sock the boulder beetle!
The boulder beetle looks as sick as possible!
The boulder beetle is heavily wounded.
The boulder beetle bites you!
* * * LOW HITPOINT WARNING * * *
Unknown command.
You hit the boulder beetle.
The boulder beetle is severely wounded.
The boulder beetle closely misses you.
Unknown command.
You sock the boulder beetle!
The boulder beetle looks as sick as possible!
The boulder beetle is almost dead.
The boulder beetle bites you!!
You die...

............
..........#############
........(.##..........#
..........##..........#
......................#
...†<[....##....>..°..#
....).....##..........#
###.#####.##.....B....#
#..# #.##....@.....#
##.####..#.$........#∆
#....##.#............
####................#
##...............#
#..############...
....## ##. ####


You could see a boulder beetle (extremely poisoned).

Vanquished Creatures
  Erica (D:10)
  4 two-headed ogres
  Pikel (D:7)
  A troll (D:9)
  4 slime creatures (D:8)
  Sigmund (D:5)
  A ynoxinul (D:8)
  A wyvern (D:10)
  6 orc warriors
  3 necrophages
  2 ice beasts
  6 ogres
  3 phantoms
  4 sky beasts
  A lemure (D:7)
  A big kobold (D:10)
  3 centaurs
  9 bullfrogs
  3 scorpions
  22 killer bees
  4 wights (D:10)
  5 howler monkeys
  A centaur zombie (D:5)
  5 hounds
  A bullfrog zombie (D:7)
  2 centaur skeletons
  5 orc priests
  Crazy Yiuf (D:2)
  A jelly (D:11)
  4 bullfrog skeletons
  4 iguanas
  Natasha (twice) (D:2)
  9 orc wizards
  4 worker ants
  2 hound zombies
  2 hound skeletons
  12 adders
  2 shadow imps
  4 white imps
  2 ufetubi
  2 adder skeletons
  An adder zombie (D:8)
  4 worms
  3 dart slugs
  3 leopard geckos
  62 orcs
  A ball python (D:2)
  7 giant cockroaches
  8 goblins
  4 hobgoblins
  7 jackals
  18 kobolds
  6 quokkas
  6 bats
  9 frilled lizards
  2 leopard gecko zombies
  A quokka skeleton (D:4)
  7 rats
300 creatures vanquished.

Vanquished Creatures (collateral kills)
  A troll (D:8)
  An orc priest (D:8)
2 creatures vanquished.

Vanquished Creatures (others)
  A quokka (D:2)
  A plant (D:4)
2 creatures vanquished.

Grand Total: 304 creatures vanquished

Notes
Turn   | Place    | Note
-------+----------+-------------------------------------------
     0 | D:1      | leafyfresh the Gnoll Hedge Wizard began the quest for the
                  | Orb.
     0 | D:1      | Reached XP level 1. HP: 13/13 MP: 8/8
    34 | D:1      | You fall into a shaft and drop 1 floor!
    42 | D:2      | Got a fine flail
    77 | D:2      | Identified the +6 flail "Xobil" {venom, *Drain rPois Str+2
                  | Int+6} (You found it on level 2 of the Dungeon)
   109 | D:2      | Reached XP level 2. HP: 19/19 MP: 10/10
   183 | D:2      | Reached XP level 3. HP: 25/25 MP: 9/11
   210 | D:2      | Found a shimmering altar of Xom.
   248 | D:2      | Reached skill level 1 in Invocations
   455 | D:2      | Reached skill level 1 in Fighting
   455 | D:2      | Reached skill level 1 in Short Blades
   455 | D:2      | Reached skill level 1 in Long Blades
   455 | D:2      | Reached skill level 1 in Axes
   455 | D:2      | Reached skill level 1 in Maces & Flails
   455 | D:2      | Reached skill level 1 in Polearms
   455 | D:2      | Reached skill level 1 in Staves
   455 | D:2      | Reached skill level 1 in Slings
   455 | D:2      | Reached skill level 1 in Bows
   455 | D:2      | Reached skill level 1 in Crossbows
   455 | D:2      | Reached skill level 1 in Throwing
   455 | D:2      | Reached skill level 1 in Armour
   455 | D:2      | Reached skill level 1 in Shields
   455 | D:2      | Reached skill level 1 in Unarmed Combat
   455 | D:2      | Reached skill level 1 in Evocations
   658 | D:2      | Reached XP level 4. HP: 32/32 MP: 13/13
   714 | D:2      | Found a runed translucent door.
   715 | D:2      | Noticed Crazy Yiuf
   765 | D:2      | Found a white marble altar of Elyvilon.
   820 | D:2      | Found a snail-covered altar of Cheibriados.
   821 | D:2      | Noticed Natasha
   877 | D:2      | Became a worshipper of Cheibriados the Contemplative
   968 | D:2      | Killed Natasha
   969 | D:2      | Reached skill level 1 in Hexes
   969 | D:2      | Reached skill level 1 in Necromancy
   969 | D:2      | Reached skill level 1 in Transmutations
   969 | D:2      | Reached skill level 1 in Fire Magic
   969 | D:2      | Reached skill level 1 in Ice Magic
   969 | D:2      | Reached skill level 1 in Air Magic
   969 | D:2      | Reached skill level 1 in Earth Magic
   969 | D:2      | Reached skill level 1 in Poison Magic
  1166 | D:2      | Learned a level 3 spell: Mephitic Cloud
  1169 | D:2      | Learned a level 2 spell: Blink
  1173 | D:2      | Learned a level 3 spell: Conjure Flame
  1176 | D:2      | Learned a level 2 spell: Call Imp
  1179 | D:2      | Killed Crazy Yiuf
  1180 | D:2      | Reached XP level 5. HP: 15/37 MP: 14/14
  1436 | D:3      | Found a sacrificial altar of Ru.
  1473 | D:3      | Found an iron altar of Okawaru.
  2330 | D:3      | Reached * piety under Cheibriados
  2628 | D:2      | Noticed Natasha
  2634 | D:2      | Killed Natasha
  2635 | D:2      | Reached XP level 6. HP: 38/44 MP: 16/16
  2783 | D:1      | Reached ** piety under Cheibriados
  2864 | D:1      | Found a sparkling altar of Nemelex Xobeh.
  3320 | D:4      | Reached skill level 5 in Dodging
  3665 | D:4      | Reached XP level 7. HP: 49/51 MP: 3/18
  3978 | D:5      | Entered Level 5 of the Dungeon
  4059 | D:5      | Reached skill level 5 in Stealth
  4398 | D:5      | Reached *** piety under Cheibriados
  4399 | D:5      | Reached XP level 8. HP: 50/57 MP: 19/19
  4462 | D:5      | Noticed Sigmund
  4472 | D:5      | Killed Sigmund
  4646 | D:5      | Found a shadowy altar of Dithmenos.
  5018 | D:6      | Reached skill level 8 in Spellcasting
  5354 | D:6      | Found a sparkling altar of Nemelex Xobeh.
  5390 | D:6      | Reached **** piety under Cheibriados
  5643 | D:6      | Found a staircase to the Ecumenical Temple.
  5823 | D:7      | Noticed an oklob plant
  5824 | D:7      | Found an opulent altar of Gozag.
  5837 | D:7      | Noticed Pikel
  5860 | D:7      | Killed Pikel
  5861 | D:7      | Reached XP level 9. HP: 59/65 MP: 21/21
  6063 | D:7      | Found a broken altar of Ashenzari.
  6235 | D:7      | Reached skill level 5 in Invocations
  6395 | D:7      | Reached ***** piety under Cheibriados
  6458 | D:7      | Found a shimmering blue altar of Sif Muna.
  6468 | D:7      | Reached XP level 10. HP: 73/73 MP: 20/22
  6566 | D:7      | Found a hide-covered altar of Uskayaw.
  7148 | D:8      | Found a shimmering blue altar of Sif Muna.
  7320 | D:8      | Reached skill level 5 in Fighting
  7320 | D:8      | Reached skill level 5 in Short Blades
  7320 | D:8      | Reached skill level 5 in Long Blades
  7320 | D:8      | Reached skill level 5 in Axes
  7320 | D:8      | Reached skill level 5 in Maces & Flails
  7320 | D:8      | Reached skill level 5 in Polearms
  7320 | D:8      | Reached skill level 5 in Staves
  7320 | D:8      | Reached skill level 5 in Slings
  7320 | D:8      | Reached skill level 5 in Bows
  7320 | D:8      | Reached skill level 5 in Crossbows
  7320 | D:8      | Reached skill level 5 in Throwing
  7320 | D:8      | Reached skill level 5 in Armour
  7320 | D:8      | Reached skill level 5 in Shields
  7320 | D:8      | Reached skill level 5 in Unarmed Combat
  7320 | D:8      | Reached skill level 5 in Evocations
  7390 | D:8      | Identified Sif Muna's Grimoire of Supportive Air
  7395 | D:8      | Learned a level 2 spell: Ensorcelled Hibernation
  7399 | D:8      | Learned a level 3 spell: Dazzling Flash
  7406 | D:8      | Found a bloodstained altar of Trog.
  7474 | D:8      | Found Taeschuog's Gadget Emporium.
  7623 | D:8      | Reached skill level 9 in Spellcasting
  7725 | D:8      | Reached skill level 5 in Conjurations
  7725 | D:8      | Reached skill level 5 in Summonings
  7725 | D:8      | Reached skill level 5 in Translocations
  7851 | D:8      | Noticed a two-headed ogre
  7882 | D:8      | Killed a two-headed ogre
  8136 | D:8      | Found a staircase to the Lair.
  8159 | D:8      | Noticed a two-headed ogre
  8174 | D:8      | Killed a two-headed ogre
  8388 | D:8      | Found a runed translucent door.
  8389 | D:8      | Found a shimmering altar of Xom.
  8389 | D:8      | Noticed snackwell's ghost (novice DsNe)
  8390 | D:8      | Noticed a +2 mace of chaos
  8453 | D:8      | Reached XP level 11. HP: 76/81 MP: 18/24
  8794 | D:9      | Reached ****** piety under Cheibriados
  8834 | D:9      | Reached skill level 5 in Hexes
  8834 | D:9      | Reached skill level 5 in Necromancy
  8834 | D:9      | Reached skill level 5 in Transmutations
  8834 | D:9      | Reached skill level 5 in Fire Magic
  8834 | D:9      | Reached skill level 5 in Ice Magic
  8834 | D:9      | Reached skill level 5 in Air Magic
  8834 | D:9      | Reached skill level 5 in Earth Magic
  8834 | D:9      | Reached skill level 5 in Poison Magic
  9001 | D:9      | You fall into a shaft and drop 1 floor!
  9001 | D:10     | Entered Level 10 of the Dungeon
  9338 | D:10     | Found Nujiss's Antique Armour Shop.
  9414 | D:10     | Noticed a two-headed ogre
  9426 | D:10     | Killed a two-headed ogre
  9457 | D:10     | Noticed Erica
  9461 | D:10     | Found a glowing golden altar of the Shining One.
  9474 | D:10     | Killed Erica
  9718 | D:10     | Noticed a two-headed ogre
  9727 | D:10     | Killed a two-headed ogre
  9940 | D:11     | Noticed a boulder beetle
  9951 | D:11     | Slain by a boulder beetle

Illustrated notes

Levels and vault maps discovered:
D:1:      minmay_arrival_doors, layout_loops_ring, nemelex_diamond_rough_becter
D:2:      layout_rooms, elyvilon_altar_4, lemuel_doored_altar,
          serial_bayou_pond_d, dk_noncrumbling_4, xom_teletrap_fun,
          uniq_crazy_yiuf_cottage, uniq_natasha
D:3:      layout_loops_cross, nicolae_ru_path_of_blood,
          nicolae_overflow_crystal_walls, mrwooster_statue_mirror
D:4:      layout_gridville, serial_bayou_lagoon_b
D:5:      layout_gridville, kennysheep_mini_moat, uniq_sigmund
D:6:      layout_gridville, nemelex_xobeh_ov_fountains_minmay,
          minmay_temple_entry_poolview
D:7:      kennysheep_orc_sif_temple, layout_loops_ring,
          nicolae_ashenzari_panopticon, nicolae_gozag_seed_capital,
          lemuel_oklob_altar, uniq_pikel
D:8:      minmay_four_partial_circles, layout_basic,
          nzn_overflow_gifts_of_might_and_magic, ebering_ghost_xom,
          serial_shops, shop_statue, kennysheep_small_spiral, minmay_puff
D:9:      layout_roguey [special_room_orc], gammafunk_temple_overflow_statue,
          kiku_gazebo_pond_becter
D:10:     layout_roguey, serial_shops, kennysheep_little_box,
          nicolae_tso_swordbearing_angel, uniq_erica
D:11:     layout_rooms, minmay_unpleasant_kobolds, uniq_grum

Skill      XL: |  1  2  3  4  5  6  7  8  9 10 11 |
---------------+----------------------------------+-----
Conjurations   | 2 3 4 5 |  5.9
Summonings     | 2 3 4 5 |  5.9
Translocations | 2 3 4 5 |  5.9
Invocations    | 1 2 3 4 5 6 7 |  7.2
Fighting       | 1 2 4 5 6 |  6.6
Short Blades   | 1 2 4 5 6 |  6.6
Long Blades    | 1 2 4 5 6 |  6.6
Axes           | 1 2 4 5 6 |  6.6
Maces & Flails | 1 2 4 5 6 |  6.6
Polearms       | 1 2 4 5 6 |  6.6
Staves         | 1 2 4 5 6 |  6.6
Slings         | 1 2 4 5 6 |  6.6
Bows           | 1 2 4 5 6 |  6.6
Crossbows      | 1 2 4 5 6 |  6.6
Throwing       | 1 2 4 5 6 |  6.6
Armour         | 1 2 4 5 6 |  6.6
Shields        | 1 2 4 5 6 |  6.6
Unarmed Combat | 1 2 4 5 6 |  6.6
Evocations     | 1 2 4 5 6 |  6.6
Hexes          | 1 2 3 4 5 |  5.4
Necromancy     | 1 2 3 4 5 |  5.4
Transmutations | 1 2 3 4 5 |  5.4
Fire Magic     | 1 2 3 4 5 |  5.4
Ice Magic      | 1 2 3 4 5 |  5.4
Air Magic      | 1 2 3 4 5 |  5.4
Earth Magic    | 1 2 3 4 5 |  5.4
Poison Magic   | 1 2 3 4 5 |  5.4
Dodging        | 5 6 7 8 |  8.1
Stealth        | 5 6 7 |  7.9
Spellcasting   | 8 9 |  9.7

Action                   |  1- 3 |  4- 6 |  7- 9 | 10-12 || total
-------------------------+-------+-------+-------+-------++-------
Melee: Flail             |    37 |   122 |   193 |   288 ||   640
       Dagger            |     1 |       |       |       ||     1
       Bite              |     2 |    14 |    29 |    65 ||   110
       Punch             |       |       |     8 |    11 ||    19
 Cast: Magic Dart        |     6 |     2 |    29 |    27 ||    64
       Mephitic Cloud    |       |     5 |     4 |    14 ||    23
       Blink             |       |     1 |     1 |    13 ||    15
       Conjure Flame     |       |       |     1 |     2 ||     3
       Call Imp          |       |       |       |     2 ||     2
Invok: Slouch            |       |       |       |     1 ||     1
  Use: Scroll            |       |     5 |     3 |    10 ||    18
       Potion            |       |     2 |       |     3 ||     5
 Stab: Sleeping          |     9 |    11 |    11 |     8 ||    39
       Distracted        |       |     1 |     1 |     1 ||     3
       Confused          |       |     1 |     2 |    11 ||    14
Armor: Robe              |     2 |    22 |    27 |    44 ||    95
Dodge: Dodged            |    44 |    93 |   176 |   401 ||   714
